AoeStats
← kcinlober

Black Forest

506409261Analyzed
1v1 RM · 20d ago on Sep 13, 2026· 83m 17s· 2 players
Game mode
Random Map
Map size
Tiny (2 player)
Population
200
Speed
Normal
Resources
Standard
Victory
Conquest
Starting age
Dark Age
Ending age
Imperial Age
RankedLock teamsTeams togetherTeam positionsShared explorationLock speedFull tech treeHidden civsTurbo modeCheats
Victory
Defeat
🇵🇹 Spanish · Portugal
1185
+15
🇬🇧 Bengalis · United Kingdom
1165
-15
kcinlober
1:06 Loom
11:31 Feudal Age
17:18 Castle Age
15:40 Stone Mining
16:30 Double-Bit Axe
20:16 Horse Collar
23:42 Fletching
25:40 Bodkin Arrow
29:51 Heavy Plow
34:01 Imperial Age
33:53 Wheelbarrow
33:03 Town Watch
33:43 Elite Skirmisher
34:25 Padded Archer Armor
35:14 Conscription
35:47 Crop Rotation
35:28 Bow Saw
36:24 Chemistry
36:03 Bracer
36:09 Scale Barding Armor
36:21 Leather Archer Armor
38:17 Bloodlines
38:07 Husbandry
38:30 Conscription
38:37 Masonry
38:34 Siege Engineers
39:44 Hand Cart
39:30 Town Patrol
39:50 Paiks
40:36 Architecture
41:28 Ring Archer Armor
41:19 Chain Barding Armor
41:35 Light Cavalry
43:04 Ballistics
42:26 Treadmill Crane
44:37 Onager
46:58 Redemption
47:04 Block Printing
48:44 Plate Barding Armor
48:20 Forging
48:53 Guilds
52:58 Mahayana
51:59 Elite Ratha (Ranged)
54:23 Iron Casting
55:08 Elite Battle Elephant
59:34 Blast Furnace
TacticalTiger
0:49 Loom
12:27 Feudal Age
16:24 Castle Age
14:51 Double-Bit Axe
14:48 Horse Collar
18:28 Wheelbarrow
18:08 Bow Saw
31:43 Imperial Age
30:29 Fletching
31:05 Padded Archer Armor
31:15 Heavy Plow
31:42 Bodkin Arrow
32:30 Gold Mining
33:54 Bracer
35:01 Two-Man Saw
33:53 Stone Mining
34:41 Conscription
37:28 Herbal Medicine
39:02 Leather Archer Armor
38:32 Elite Conquistador
38:42 Elite Skirmisher
39:30 Thumb Ring
41:14 Chemistry
40:35 Ballistics
41:19 Supremacy
41:31 Ring Archer Armor
41:34 Hand Cart
49:28 Scale Barding Armor
49:34 Forging
50:19 Stone Shaft Mining
50:56 Pikeman
51:36 Squires
51:22 Gambesons
51:54 Guilds
52:31 Chain Barding Armor
52:47 Iron Casting
52:54 Husbandry
53:05 Bloodlines
52:53 Light Cavalry
54:12 Plate Barding Armor
54:38 Blast Furnace
53:17 Halberdier
53:58 Scale Mail Armor
55:48 Hussar
56:48 Chain Mail Armor
61:02 Plate Mail Armor
Connection lost

Rejoining the realm…

Still unreachable

The connection could not be restored.

Session expired

The server has moved on; the page needs a fresh start.